Selects Airborne Battlegroup
Selects Heavy Machine Gun Paradrop
Heavy Machine Gun Paradrop
Construct Weapon Support Center
Selects Paratrooper Squad Paradrop
Heavy Machine Gun Paradrop
Selects Smoke Bombing Run
Construct Medical Station
Selects Anti-tank Gun Team Paradrop
Paratrooper Squad Paradrop
Heavy Machine Gun Paradrop
Heavy Machine Gun Paradrop
M1918 Browning Automatic Rifles
Selects Paradrop Reinforcements
Anti-tank Gun Team Paradrop
Anti-tank Gun Team Paradrop
Anti-tank Gun Team Paradrop
Selects Dual P-47 Rocket Strike
Heavy Machine Gun Paradrop
Anti-tank Gun Team Paradrop
Anti-tank Gun Team Paradrop